Map: [ESL] Inside and Out

Players

trigger

  • Race: Protoss Protoss
  • Spawn Location: 7:00

herO - Winner!

  • Race: Protoss Protoss
  • Spawn Location: 1:00

Event: DreamHack SC2 Masters 2022 Atlanta (Offline)

VOD

Have the link to the VOD?

Description

Time

  • Played on: Nov. 18, 2022, 6:09 p.m.
  • Length: 6:17

All games in this series

Show
View Real Time Build Order
Export as new Build Order

trigger Protoss 

Build Orders:  

Get SALT Encoding   

  12  0:00  Probe  
  13  0:12  Probe  
  14  0:16  Pylon  
  14  0:24  Probe (Chrono Boost)  
  15  0:36  Gateway, Probe (Chrono Boost)  
  16  0:44  Probe (Chrono Boost)  
  16  0:46  Assimilator  
  17  0:50  Probe  
  17  0:54  Assimilator  
  18  1:03  Probe (Chrono Boost)  
  19  1:07  Gateway  
  19  1:13  Probe (Chrono Boost)  
  19  1:18  Probe (Chrono Boost)  
  20  1:24  Cybernetics Core  
  21  1:29  Probe  
  22  1:36  Pylon  
  22  1:41  Probe  
  24  1:54  Gateway  
  24  2:00  Adept  
  24  2:01  Adept  
  27  2:02  Warp Gate (Chrono Boost)  
  27  2:18  Pylon  
  27  2:24  Probe  
  27  2:31  Stalker x2  
  31  2:42  Stalker  
  33  2:55  Robotics Facility  
  33  3:01  Stalker  
  31  3:32  Pylon  
  31  3:40  Immortal (Chrono Boost)  
  31  3:44  Stalker x2  
  39  3:51  Adept  
  36  4:03  Probe  
  32  4:12  Sentry  
  30  4:19  Zealot  
  32  4:34  Probe  
  32  4:37  Stalker  
  31  4:55  Adept  
  31  5:06  Adept x2  
  29  5:16  Adept  
  31  5:36  Immortal (Chrono Boost)  
  31  5:38  Probe  
  28  5:57  Probe (Chrono Boost)  
  28  6:01  Sentry  
  29  6:06  Probe (Chrono Boost)  
  29  6:09  Zealot  
Show
View Real Time Build Order
Export as new Build Order

herO Protoss - Winner!

Build Orders: 1 Gate Expand 

Get SALT Encoding   

  12  0:00  Probe  
  13  0:12  Probe  
  14  0:17  Pylon  
  14  0:24  Probe (Chrono Boost)  
  15  0:36  Gateway  
  15  0:37  Probe (Chrono Boost)  
  16  0:43  Probe (Chrono Boost)  
  16  0:47  Assimilator  
  17  0:51  Probe  
  18  1:03  Probe  
  20  1:23  Cybernetics Core  
  20  1:29  Nexus  
  20  1:32  Probe  
  20  1:38  Pylon  
  20  1:44  Probe  
  21  1:56  Probe  
  21  1:57  Warp Gate (Chrono Boost)  
  21  1:58  Stalker (Chrono Boost)  
  21  2:01  Pylon  
  24  2:08  Probe  
  25  2:20  Probe, Stalker  
  28  2:33  Gateway  
  28  2:40  Gateway  
  27  2:50  Stalker  
  29  2:53  Shield Battery  
  29  2:56  Shield Battery  
  29  3:00  Probe x2  
  31  3:12  Probe  
  31  3:13  Probe  
  31  3:15  Assimilator  
  33  3:25  Probe x2  
  33  3:31  Adept x2  
  37  3:34  Stalker  
  37  3:39  Shield Battery  
  39  3:43  Probe x2  
  39  3:59  Stalker x3  
  45  4:03  Probe x2  
  41  4:18  Shield Battery  
  41  4:23  Stalker x2  
  43  4:25  Stalker  
  43  4:31  Probe x2  
  39  4:42  Pylon  
  39  4:43  Probe x2  
  41  4:48  Stalker  
  33  5:01  Probe x2  
  33  5:08  Pylon  
  33  5:11  Stalker  
  33  5:13  Probe x2  
  37  5:26  Probe x2  
  37  5:27  Stalker  
  41  5:30  Stalker x2  
  45  5:39  Probe  
  45  5:40  Probe  
  40  5:52  Probe x2  
  40  5:56  Stalker  
  40  5:57  Stalker  
  46  5:58  Stalker  
  48  6:04  Probe x2  
Tags
 
Add a new tag
Caveats
  • Supply blocks, unpowered buildings, or Contaminate may cause inaccurate times.
  • Supply counts are checked every 10 seconds.